Map: Cactus Valley LE (Void)

Players

IIIIIIIIIII

  • Race: Terran Terran
  • League: Master
  • Spawn Location: 1:00

Railgan - Winner!

  • Race: Zerg Zerg
  • League: Grandmaster
  • Spawn Location: 7:00

VOD

Have the link to the VOD?

Description

Time

  • Played on: March 24, 2017, 4:06 p.m.
  • Length: 14:33
Show
View Real Time Build Order
Export as new Build Order

IIIIIIIIIII Terran 

Build Orders: MMM Bio 

Get SALT Encoding   

  12  0:01  SCV  
  13  0:13  SCV  
  14  0:17  Supply Depot  
  14  0:25  SCV  
  15  0:39  SCV  
  15  0:40  Barracks  
  16  0:51  SCV  
  17  1:03  SCV  
  18  1:16  Command Center  
  18  1:18  SCV  
  19  1:27  Marine  
  19  1:31  Orbital Command  
  20  1:37  Refinery  
  20  1:42  Refinery  
  20  1:44  Marine  
  21  1:53  Supply Depot  
  21  1:57  SCV  
  22  2:02  Marine  
  23  2:15  SCV  
  24  2:20  Bunker, Marine  
  25  2:27  SCV  
  26  2:36  Orbital Command  
  26  2:41  Barracks Reactor  
  26  2:44  Factory  
  26  2:48  SCV  
  26  3:00  SCV  
  26  3:02  SCV  
  28  3:12  SCV  
  29  3:14  SCV  
  30  3:24  SCV  
  30  3:26  SCV  
  32  3:28  Barracks Tech Lab  
  32  3:31  Command Center  
  32  3:36  Hellion x2  
  32  3:37  SCV  
  32  3:39  SCV  
  38  3:45  Supply Depot  
  38  3:47  Stimpack  
  38  3:48  Marine  
  39  3:51  SCV  
  39  3:52  SCV  
  41  3:57  Hellion  
  41  3:59  Hellion  
  45  4:06  SCV  
  45  4:07  SCV  
  45  4:09  Supply Depot  
  47  4:18  Hellion, SCV  
  47  4:19  SCV  
  47  4:21  Hellion  
  53  4:27  Engineering Bay  
  53  4:30  SCV  
  54  4:31  Engineering Bay, SCV  
  54  4:34  Marine  
  56  4:42  Refinery, SCV  
  56  4:43  Refinery, SCV  
  58  4:49  Orbital Command  
  58  4:52  Marine  
  59  4:54  SCV  
  59  4:55  Terran Infantry Weapons Level 1, SCV  
  59  4:59  Terran Infantry Armor Level 1  
  61  5:02  Factory Reactor  
  61  5:06  SCV  
  62  5:09  Marine  
  62  5:10  Barracks  
  62  5:11  SCV  
  62  5:13  Barracks  
  64  5:18  SCV  
  64  5:19  Orbital Command  
  65  5:24  SCV  
  65  5:28  Marine  
  66  5:32  SCV  
  68  5:37  Supply Depot x2  
  68  5:40  SCV  
  69  5:46  Marine  
  69  5:47  SCV  
  69  5:48  Starport  
  71  5:50  Factory Reactor, SCV  
  71  5:55  SCV  
  73  5:59  Barracks x3  
  73  6:00  Marine x2  
  75  6:06  SCV  
  75  6:07  SCV  
  77  6:11  Marine x2  
  77  6:12  Marine  
  77  6:18  Marine  
  80  6:19  Marine  
  80  6:22  SCV  
  75  6:29  Marine  
  75  6:31  Marine  
  75  6:32  Marine  
  78  6:36  SCV  
  78  6:37  SCV  
  80  6:40  Armory  
  80  6:42  SCV  
  81  6:48  SCV  
  81  6:50  Barracks Reactor  
  81  6:51  Barracks Reactor x2  
  82  6:54  Combat Shields  
  82  6:58  SCV  
  82  6:59  SCV  
  82  7:00  SCV  
  85  7:02  Marine x2  
  85  7:04  Marine  
  85  7:05  Medivac x2  
  85  7:08  Marine  
  92  7:11  Factory Reactor  
  93  7:17  Barracks x2  
  93  7:21  Supply Depot  
  93  7:23  Barracks, Supply Depot  
  93  7:24  Supply Depot  
  93  7:34  Supply Depot  
  93  7:36  Marine x2  
  93  7:42  Marine  
  93  7:43  Medivac x2, Terran Infantry Weapons Level 2, SCV x3  
  101  7:44  Marine x8  
  109  7:54  Marine x2, Widow Mine x2  
  109  7:55  SCV x2  
  109  7:56  Terran Infantry Armor Level 2  
  117  8:00  Marine, SCV  
  117  8:02  Marine x2  
  121  8:07  Marine x3  
  121  8:11  Barracks Tech Lab  
  124  8:13  Marine  
  124  8:15  Barracks Tech Lab  
  124  8:16  Barracks Tech Lab  
  125  8:27  Supply Depot  
  125  8:28  Supply Depot  
  125  8:29  Supply Depot  
  125  8:42  Marine  
  125  8:49  Marine x8, Marauder, SCV x2  
  125  8:50  Marine, Marauder x2, Medivac x2  
  125  8:51  Marauder  
  125  8:55  Supply Depot  
  148  8:57  Supply Depot  
  148  8:58  Command Center  
  148  8:59  Marine  
  149  9:14  Marine  
  149  9:16  Marine x4, Widow Mine x2  
  157  9:18  Supply Depot x2  
  157  9:19  Marine  
  157  9:22  Medivac x2  
  160  9:30  Marine  
  160  9:31  Marine, Marauder x3  
  165  9:36  Supply Depot  
  165  9:39  Marine x2, Supply Depot  
  165  9:40  Marauder  
  165  9:45  Widow Mine x2, Supply Depot x3  
  172  9:47  Supply Depot  
  172  9:48  Supply Depot  
  172  9:50  Marine  
  172  9:51  Unknown  
  172  9:52  Marine, Marauder x2  
  178  9:56  Marine, Marauder  
  181  10:00  Marine  
  181  10:01  Marauder  
  181  10:03  Medivac x2  
  188  10:10  Marine x2  
  188  10:14  Marauder  
  190  10:25  Marine x2, Marauder x2  
  190  10:26  Unknown x2  
  196  10:33  Medivac x2, Command Center  
  200  10:42  Marauder  
  197  10:47  Marine, Unknown  
  197  10:48  Marine, Marauder  
  160  11:19  Marine x4  
  160  11:20  Marine x3  
  160  11:21  Marine x2  
  160  11:22  Marine  
  131  11:26  Marine  
  99  11:36  Marine  
  99  11:38  Marine x4  
  86  11:40  Marauder  
  71  11:55  Marauder  
  71  11:56  Marine  
  68  12:01  Marine  
  68  12:03  SCV  
  59  12:14  Marine  
  55  12:16  Marine  
  55  12:20  Marauder  
  56  12:32  Marauder  
  56  12:36  Marine  
  53  12:38  Orbital Command  
  53  12:40  Marine  
  54  12:53  Marine  
  54  12:54  Marine  
  56  12:59  Marauder  
  56  13:04  Command Center  
Show
View Real Time Build Order
Export as new Build Order

Railgan Zerg - Winner!

Build Orders: Pool First, Lurkers 

Get SALT Encoding   

  12  0:01  Drone  
  13  0:13  Overlord  
  13  0:17  Drone  
  14  0:32  Drone x2  
  16  0:36  Drone  
  17  0:46  Drone  
  18  0:50  Spawning Pool  
  17  0:57  Drone  
  18  1:12  Hatchery  
  18  1:14  Extractor  
  18  1:17  Drone  
  17  1:20  Drone  
  18  1:29  Drone  
  19  1:36  Queen  
  19  1:39  Zergling x2  
  22  1:49  Overlord  
  22  2:08  Drone  
  23  2:11  Drone  
  23  2:12  Queen  
  26  2:15  Metabolic Boost  
  26  2:23  Drone  
  26  2:25  Queen  
  26  2:27  Drone  
  30  2:41  Drone x2  
  30  2:43  Overlord  
  32  2:45  Drone  
  32  2:46  Drone x2  
  35  2:58  Drone  
  36  3:02  Evolution Chamber  
  36  3:04  Drone  
  35  3:07  Drone x2  
  37  3:16  Drone  
  37  3:18  Drone  
  39  3:21  Drone  
  39  3:22  Drone x2  
  42  3:28  Overlord  
  42  3:29  Zergling x2  
  42  3:31  Zerg Ground Armor Level 1  
  43  3:37  Drone  
  43  3:38  Extractor x2  
  43  3:40  Drone x2  
  44  3:46  Extractor  
  44  3:47  Drone x2  
  45  3:50  Lair  
  45  3:53  Drone x2  
  47  4:05  Drone x4  
  51  4:12  Overlord  
  51  4:14  Drone  
  52  4:20  Hatchery  
  52  4:21  Overlord  
  51  4:24  Overlord  
  51  4:30  Queen  
  52  4:34  Drone  
  52  4:35  Zergling x4  
  52  4:36  Zergling x2  
  52  4:37  Zergling x6  
  59  4:39  Spore Crawler  
  59  4:40  Drone, Spore Crawler  
  59  4:42  Overlord  
  58  4:49  Queen  
  60  4:53  Drone  
  60  4:54  Hydralisk Den  
  60  5:09  Overlord  
  60  5:15  Drone  
  60  5:16  Drone  
  60  5:20  Evolution Chamber  
  61  5:25  Hydralisk  
  61  5:26  Hydralisk x3  
  69  5:29  Hydralisk  
  69  5:31  Muscular Augments  
  69  5:34  Zerg Ground Armor Level 2  
  70  5:39  Zergling x2  
  70  5:40  Zergling x2  
  72  5:43  Drone  
  72  5:44  Queen  
  72  5:49  Overseer  
  75  5:51  Zerg Missile Weapons Level 1  
  75  5:55  Drone  
  76  5:58  Drone x2  
  76  6:00  Drone  
  76  6:01  Drone x3  
  82  6:05  Drone x2  
  82  6:06  Drone  
  82  6:08  Overlord  
  84  6:15  Drone x4  
  87  6:26  Hydralisk x2  
  87  6:27  Drone  
  92  6:33  Extractor x2  
  92  6:34  Drone  
  92  6:35  Drone x2  
  92  6:37  Drone  
  92  6:39  Drone  
  92  6:41  Hydralisk  
  92  6:42  Hydralisk  
  92  6:45  Hatchery  
  95  6:49  Overlord  
  95  6:50  Drone x3  
  95  6:53  Pneumatized Carapace  
  95  6:54  Lurker Den  
  98  7:02  Drone  
  98  7:03  Drone x7  
  106  7:10  Zergling x10  
  111  7:21  Hydralisk, Overlord  
  111  7:22  Overlord  
  113  7:30  Overlord x2  
  113  7:31  Overlord  
  113  7:32  Overlord  
  113  7:36  Hydralisk  
  111  7:38  Overlord  
  111  7:41  Hydralisk x6  
  125  7:45  Hydralisk x2  
  125  7:50  Overlord  
  125  7:51  Infestation Pit  
  128  7:52  Zerg Missile Weapons Level 2  
  128  8:04  Drone x5  
  128  8:05  Zergling x2  
  134  8:06  Overlord  
  134  8:07  Zerg Melee Weapons Level 1  
  134  8:11  Zergling x4  
  134  8:12  Spine Crawler  
  135  8:17  Hydralisk  
  135  8:19  Zergling x2  
  138  8:20  Overlord  
  138  8:21  Spine Crawler  
  138  8:24  Hydralisk x2  
  141  8:29  Hydralisk  
  141  8:30  Hydralisk  
  141  8:33  Lurker x6  
  151  8:34  Hydralisk  
  151  8:39  Hydralisk  
  155  8:42  Hydralisk  
  155  8:43  Hydralisk x2  
  156  8:50  Hydralisk  
  156  8:51  Hydralisk  
  156  8:52  Overlord  
  160  9:00  Hydralisk x2  
  164  9:12  Hydralisk  
  164  9:13  Hydralisk x3  
  164  9:16  Hydralisk x4  
  176  9:27  Hydralisk x4  
  184  9:32  Drone x3  
  184  9:34  Extractor x2  
  185  9:41  Zergling x2  
  185  9:42  Zergling x10  
  191  9:46  Hatchery  
  191  9:47  Overlord  
  190  9:54  Hydralisk x2  
  190  9:56  Lurker x2  
  190  9:57  Lurker  
  190  9:58  Hydralisk  
  199  10:08  Overlord  
  199  10:09  Overlord  
  199  10:20  Hydralisk x7  
  189  10:23  Hydralisk  
  191  10:28  Drone  
  191  10:29  Drone x2  
  191  10:32  Hydralisk  
  191  10:33  Zergling x2  
  191  10:34  Zergling x2  
  198  10:42  Hydralisk  
  198  10:52  Overlord x2  
  196  10:58  Hydralisk x2  
  196  11:04  Lurker x5  
  192  11:17  Hydralisk x3  
  193  11:23  Hydralisk  
  193  11:24  Hydralisk  
  193  11:25  Hydralisk x2  
  187  11:26  Hydralisk  
  187  11:30  Hydralisk  
  187  11:32  Hydralisk  
  147  11:37  Hydralisk  
  135  11:41  Hydralisk  
  130  11:49  Hydralisk  
  124  12:03  Hydralisk x3  
  125  12:09  Hydralisk  
  121  12:19  Drone  
  122  12:25  Drone x2  
  122  12:28  Hatchery  
  119  12:47  Drone x2  
  121  12:55  Hydralisk x3  
  121  12:56  Hatchery  
  121  12:57  Hatchery  
  125  13:03  Drone  
  126  13:08  Hydralisk  
  128  13:14  Hive  
  125  13:21  Drone x2  
  127  13:37  Hydralisk  
  121  14:05  Hydralisk  
  121  14:08  Hydralisk  
  121  14:11  Overseer  
Tags
 
Add a new tag
Caveats
  • Supply blocks, unpowered buildings, or Contaminate may cause inaccurate times.
  • Supply counts are checked every 10 seconds.